 Dungeon Crawl Stone Soup version 0.27.1 (webtiles) character file.

Game seed: 8109631919921896338

38 MajorAdolf the Sneak (level 3, -7/33 HPs)
             Began as a Naga Wanderer on Aug 22, 2021.
             Mangled by Sigmund (13 damage)
             ... on level 3 of the Dungeon.
             The game lasted 00:01:46 (1808 turns).

MajorAdolf the Sneak (Naga Wanderer)                Turns: 1808, Time: 00:01:47

Health: -7/33      AC:  4    Str: 15    XL:     3   Next: 43%
Magic:  3/3        EV: 11    Int: 12    God:
Gold:   36         SH:  0    Dex: 10    Spells: 2/2 levels left

rFire    . . .     SeeInvis +   a - +2 hand axe
rCold    . . .     Faith    .   (no shield)
rNeg     . . .     Spirit   .   f - +0 scale mail
rPois    +         Reflect  .   (no helmet)
rElec    .         Harm     .   (no cloak)
rCorr    .         Rampage  .   (no gloves)
Will     .....                  (no barding)
Stlth    ..........             (no amulet)
HPRegen  0.11/turn              g - +4 ring of evasion
MPRegen  0.08/turn              (no ring)

@: confused, short of breath, very slow
A: AC +1, large, see invisible, deformed body, poison resistance, slowness 2,
spit poison 1, naga tail 1
a: Spit Poison


You were on level 3 of the Dungeon.
You visited 1 branch of the dungeon, and saw 3 of its levels.

You collected 36 gold pieces.

Inventory:

Hand Weapons
 a - a +2 hand axe (weapon)
 b - a +0 hand crossbow
Missiles
 c - 26 bolts
Armour
 d - a +0 ring mail
 f - a +0 scale mail (worn)
Jewellery
 g - a +4 ring of evasion (left hand)
Scrolls
 e - 4 scrolls of fog {unknown}
 h - a scroll of identify {unknown}
 i - a scroll of amnesia {unknown}
 j - a scroll of noise {unknown}


   Skills:
 + Level 2.3 Fighting
 + Level 2.2 Axes
 - Level 1.0 Bows
 + Level 2.6 Armour
 + Level 0.6 Dodging
 + Level 2.8 Stealth
 + Level 1.3 Shields


You had 2 spell levels left.
You didn't know any spells.
Your spell library contained the following spells:

 Spells                   Type           Power      Damage    Failure   Level
 Animate Skeleton         Necr           0%         N/A       77%         1
 Apportation              Tloc           0%         N/A       77%         1
 Corona                   Hex            0%         N/A       77%         1
 Summon Small Mammal      Summ           0%         N/A       77%         1
 Blade Hands              Tmut           0%         N/A       100%        5
 Irradiate                Conj/Tmut      0%         3d14      100%        5
 Dragon Form              Tmut           0%         N/A       100%        7


Dungeon Overview and Level Annotations

Branches:
Dungeon (3/15)

Altars:

Annotations:
D:3 Sigmund


Innate Abilities, Weirdness & Mutations

Your serpentine skin is tough. (AC +1)
You have supernaturally acute eyesight. (SInv)
Armour fits poorly on your strangely shaped body.
Your system is resistant to poisons. (rPois)
You cover ground very slowly.
You can spit poison.
You have a snake-like lower body.


Message History

The splash of poison misses Sigmund.
Sigmund points at you and mumbles some strange words.
The puff of flame misses you. Sigmund gestures at you while chanting.
You resist with some effort.
You closely miss Sigmund.
Sigmund casts a spell.
Sigmund flickers and vanishes for a moment.
You hit Sigmund.
Sigmund is lightly wounded.
Sigmund barely misses you.
You slash Sigmund!
Sigmund is moderately wounded.
Sigmund closely misses you.
You hit Sigmund.
Sigmund is heavily wounded.
You have got your breath back.
Press: ? - help, Shift-Dir - straight line, f/p - Sigmund
Aim: Sigmund, wielding a +0 scythe and wearing a +0 robe (heavily wounded, slightly transparent)
The splash of poison hits Sigmund.
Sigmund is poisoned.
Sigmund is heavily wounded.
Sigmund closely misses you.
Unknown command.
You hit Sigmund.
Sigmund is severely wounded.
Sigmund casts a spell at you.
You are confused.
You miss Sigmund.
Sigmund is severely wounded.
Sigmund hits you with a +0 scythe!
You bump into the rock wall.
Sigmund points at you and mumbles some strange words.
The puff of flame hits you!
Sigmund hits you from afar with a +0 scythe!
* * * LOW HITPOINT WARNING * * *
There is a stone staircase leading up, spattered with blood here.
Unknown command.
Okay, then.
Sigmund hits you from afar with a +0 scythe!
You die...

#....#.#
#<##.#.####.##
#............#
####.#.##.### #.#.#
#######
#.#.##########......
#.#.........##.#####
#.#.##..###.##>##...
#.#@.@............#
#.#########.##.####
.........#...
...###########


You could see Sigmund (invisible, poisoned).

Vanquished Creatures
  An adder (D:2)
  A bat (D:1)
  4 endoplasms
  3 giant cockroaches (D:2)
  2 goblins (D:1)
  2 hobgoblins (D:2)
  6 jackals
  4 frilled lizards
  A rat (D:2)
24 creatures vanquished.

Notes
Turn   | Place    | Note
-------+----------+-------------------------------------------
     0 | D:1      | MajorAdolf the Naga Wanderer began the quest for the Orb.
     0 | D:1      | MajorAdolf set off with the following items: a +2 hand axe,
                  | a +0 hand crossbow, 26 bolts, a +0 ring mail
     0 | D:1      | Reached XP level 1. HP: 19/19 MP: 1/1
   134 | D:1      | Reached XP level 2. HP: 23/26 MP: 2/2
   840 | D:2      | Reached XP level 3. HP: 29/32 MP: 3/3
   904 | D:2      | Found a faded altar of an unknown god.
  1371 | D:3      | Noticed Sigmund
  1808 | D:3      | Mangled by Sigmund

Illustrated notes

Levels and vault maps discovered:
D:1:      dpeg_arrival_concentric_ovals, layout_rooms, hangedman_decor_riveting
D:2:      layout_basic, chequers_ecumenical_altar_simple_redux,
          nicolae_underground_beach
D:3:      minmay_chambers_of_twos, layout_basic, amcnicky_mini_corridor_feature,
          uniq_sigmund

Skill      XL: |  1 |
---------------+----+-----
Stealth        | 2 |  2.8
Fighting       | |  2.3
Axes           | |  2.2
Bows           | |  1.0
Armour         | |  2.6
Dodging        | |  0.6
Shields        | |  1.3

Action                   || total
-------------------------++-------
Melee: Hand axe          ||    72
 Abil: Spit Poison       ||     6
Armor: Ring mail         ||     5
       Scale mail        ||    20
Dodge: Dodged            ||    53
